Map: Efflorescence LE

Players

Wiseguy - Winner!

  • Race: Terran Terran
  • Spawn Location: 6:00

Divus - Winner!

  • Race: Zerg Zerg
  • League: Diamond
  • Spawn Location: 9:00

Massa

  • Race: Terran Terran
  • League: Platinum
  • Spawn Location: 3:00

qqq

  • Race: Zerg Zerg
  • Spawn Location: 12:00

VOD

Have the link to the VOD?

Description

Time

  • Played on: Feb. 19, 2021, 12:08 p.m.
  • Length: 5:19
Show
View Real Time Build Order
Export as new Build Order

Wiseguy Terran - Winner!

Build Orders: 1/1/1 

Get SALT Encoding   

  12  0:00  SCV  
  13  0:12  SCV  
  14  0:21  Supply Depot  
  14  0:24  SCV  
  15  0:33  Refinery  
  15  0:43  SCV  
  15  0:46  Barracks  
  16  0:55  SCV  
  17  1:03  Supply Depot  
  17  1:08  SCV  
  18  1:12  Refinery  
  18  1:20  SCV  
  19  1:33  Marine  
  19  1:39  Factory  
  20  1:40  SCV  
  21  1:51  Marine  
  21  1:52  SCV  
  23  2:04  SCV  
  24  2:10  Supply Depot  
  24  2:23  Starport  
  24  2:24  Factory Tech Lab  
  24  2:25  SCV  
  26  2:38  SCV  
  26  2:41  Barracks Tech Lab  
  26  2:43  Widow Mine  
  28  2:53  Supply Depot  
  28  3:08  Fusion Core  
  28  3:20  Orbital Command  
  28  3:23  Marauder  
  26  3:55  Widow Mine  
  28  3:57  Battlecruiser  
  34  4:04  SCV  
  35  4:16  SCV  
  36  4:21  Widow Mine  
  38  4:29  Marauder  
  40  4:36  SCV  
  40  4:37  Supply Depot  
  41  5:01  Command Center  
Show
View Real Time Build Order
Export as new Build Order

Divus Zerg - Winner!

Build Orders: Hatch First 

Get SALT Encoding   

  12  0:00  Drone  
  13  0:12  Overlord  
  13  0:18  Drone  
  14  0:30  Drone x2  
  14  0:34  Drone  
  17  0:56  Hatchery  
  16  1:00  Drone x2  
  18  1:07  Drone  
  18  1:09  Extractor  
  18  1:23  Spawning Pool  
  18  1:24  Drone  
  18  1:28  Drone  
  19  1:41  Overlord  
  19  2:10  Zergling x6  
  19  2:11  Queen  
  19  2:13  Metabolic Boost  
  19  2:14  Queen  
  26  2:18  Zergling x2  
  26  2:19  Zergling x2  
  26  2:22  Zergling x2  
  29  2:35  Zergling x2  
  29  2:36  Zergling x2  
  31  2:46  Zergling x2  
  31  2:47  Zergling x2  
  33  2:52  Spine Crawler  
  33  2:55  Zergling x4  
  34  3:07  Zergling x2  
  34  3:08  Zergling x2  
  36  3:17  Overlord x2  
  36  3:55  Zergling x6  
  34  3:56  Zergling x14  
  38  4:10  Zergling x2  
  38  4:11  Zergling x2  
  38  4:16  Zergling x2  
  35  4:24  Drone  
  36  4:35  Drone  
  36  4:38  Drone x2  
  39  4:39  Drone  
  40  4:48  Drone  
  40  4:49  Drone  
  40  5:07  Drone  
  40  5:11  Roach Warren  
Show
View Real Time Build Order
Export as new Build Order

Massa Terran 

Build Orders:  

Get SALT Encoding   

  12  0:00  SCV  
  13  0:12  SCV  
  14  0:17  Supply Depot  
  14  0:24  SCV  
  15  0:37  Refinery  
  15  0:39  SCV  
  16  0:48  Barracks  
  16  0:51  SCV  
  17  1:03  SCV  
  18  1:07  Supply Depot  
  18  1:17  Refinery, SCV  
  19  1:36  Barracks  
  19  1:38  Reaper  
  20  1:49  Orbital Command  
  20  2:10  Reaper  
  21  2:18  SCV, Factory  
  22  2:23  Reaper  
  23  2:42  SCV  
  24  2:44  Reaper  
  25  2:54  SCV  
  25  2:55  Reaper  
  27  2:59  Supply Depot  
  27  3:04  Factory Reactor  
  27  3:06  SCV  
  28  3:16  Reaper  
  29  3:25  Command Center  
  28  3:27  Reaper  
  28  3:48  Reaper  
  28  3:58  SCV  
  28  3:59  Reaper  
  30  4:10  SCV  
  30  4:20  Reaper  
  31  4:30  Widow Mine  
  31  4:31  Widow Mine  
  35  4:33  Barracks  
  35  4:35  Barracks  
  35  4:38  Orbital Command  
  35  4:43  Barracks Tech Lab  
  35  4:52  Widow Mine x2  
  40  5:17  Engineering Bay  
Show
View Real Time Build Order
Export as new Build Order

qqq Zerg 

Build Orders: Hatch First 

Get SALT Encoding   

  12  0:01  Drone  
  13  0:08  Drone  
  14  0:18  Overlord  
  14  0:45  Hatchery  
  13  0:51  Drone x2  
  15  1:03  Drone  
  15  1:04  Drone  
  17  1:15  Extractor  
  16  1:35  Drone x3, Spawning Pool  
  19  1:47  Drone  
  19  1:58  Drone x2  
  21  2:16  Hatchery  
  21  2:20  Drone  
  21  2:25  Metabolic Boost  
  21  2:29  Drone  
  22  2:31  Drone  
  23  2:40  Queen  
  25  2:50  Queen  
  27  2:53  Zergling x2  
  28  2:59  Overlord  
  28  3:04  Overlord  
  28  3:15  Evolution Chamber  
  28  3:16  Drone  
  28  3:18  Zergling x4  
  30  3:21  Drone  
  30  3:23  Drone  
  30  3:26  Drone  
  33  3:29  Zergling x2  
  33  3:33  Zergling x2  
  35  3:37  Zergling x2  
  35  3:39  Zergling x2  
  35  3:40  Zergling x2  
  38  3:45  Zergling x2  
  37  3:53  Zergling x6  
  37  3:54  Zergling x2  
  24  4:08  Drone  
  24  4:09  Drone  
  18  4:20  Drone  
  18  4:23  Drone  
  20  4:32  Drone x2  
  22  4:41  Drone  
  22  4:42  Drone  
  24  4:50  Drone  
Tags
 
Add a new tag
Caveats
  • Supply blocks, unpowered buildings, or Contaminate may cause inaccurate times.
  • Supply counts are checked every 10 seconds.